 Dungeon Crawl Stone Soup version 0.30.0-19-g36f170ea60 (webtiles) character file.

Game seed: 13585445499287931414

20 whybug the Ruffian (level 2, -7/29 HPs)
             Began as a Troll Berserker on May 26, 2023.
             Was a Follower of Trog.
             Mangled by an iguana (9 damage)
             ... on level 4 of the Dungeon.
             The game lasted 00:03:27 (674 turns).

whybug the Ruffian (Troll Berserker)                 Turns: 674, Time: 00:03:27

Health: -7/29      AC:  4    Str: 30    XL:     2   Next: 58%
Magic:  1/1        EV: 10    Int:  3    God:    Trog [*.....]
Gold:   60         SH:  0    Dex:  9    Spells: 1/1 levels left

rFire   . .          .
                       - Unarmed
rCold   . . .        (no shield)
rNeg    . . .        a - +0 animal skin
rPois   .            (helmet restricted)
rElec   .            (no cloak)
rCorr   .            (gloves unavailable)
SInv    .            (boots unavailable)
Will    .....        (no amulet)
Stlth   +            f - +6 ring of strength
HPRegen 1.04/turn    (no ring)
MPRegen 0.07/turn

%: no passive effects
@: no status effects
A: large, unfitting armour, claws 3, regeneration 1, shaggy fur 1, tough skin 1
a: Renounce Religion, Berserk


You were on level 4 of the Dungeon.
You worshipped Trog.
Trog was aware of your devotion.
You visited 1 branch of the dungeon, and saw 4 of its levels.

You collected 60 gold pieces.

Inventory:

Armour
 a - a +0 animal skin (worn)
 b - a +0 ring mail
Jewellery
 f - a +6 ring of strength (left claw)
Scrolls
 c - a scroll of identify {unknown}
 e - a scroll of poison {unknown}
Potions
 d - a potion of brilliance {unknown}


   Skills:
 + Level 2.9 Fighting
 + Level 2.6 Dodging
 + Level 3.2 Unarmed Combat


You had one spell level left.
You didn't know any spells.
Your spell library was empty.

Dungeon Overview and Level Annotations

Branches:
Dungeon (4/15)
 Temple: D:4-7

Altars:

Shops:
D:4 *


Innate Abilities, Weirdness & Mutations

You are too large for most types of armour.
You have claws for hands.
Your natural rate of healing is unusually fast.
You are covered in fur. (AC +1)
You have tough skin. (AC +1)


Message History

a +3 dagger; a stone; a kobold corpse
f - a +6 ring of strength You feel stronger.
f - a +6 ring of strength (left claw)
Things that are here:
a +3 dagger; a stone; a kobold corpse
Okay, then.
There is an escape hatch in the ceiling here.
Found a stone staircase leading down.
A quokka comes into view.
You claw the quokka!
You kill the quokka!
Trog accepts your kill.
A quokka comes into view.
An iguana comes into view.
The iguana hisses angrily.
Found a stone staircase leading down.
The iguana bites you! The iguana closely misses you. The iguana bites you.
The quokka barely misses you. The iguana attacks as you move away!
The iguana bites you!
* * * LOW HITPOINT WARNING * * *
The quokka barely misses you.
You scratch the quokka but do no damage.
The quokka bites you.
* * * LOW HITPOINT WARNING * * *
The iguana bites you.
* * * LOW HITPOINT WARNING * * *
You scratch the quokka.
The quokka is moderately wounded.
The quokka bites you but does no damage.
The iguana closely misses you.
You claw the quokka!
You kill the quokka!
Trog accepts your kill. The iguana bites you.
* * * LOW HITPOINT WARNING * * *
The iguana bites you!
* * * LOW HITPOINT WARNING * * *
The iguana bites you!
You die...

### ### #### #### #.## ...
... ... ... ... ..
###..###.# #.# #.
........# #.# ###. #..
#..# #.# #...
#..##..########.###.#.
#....@................
....>...l...............#.
.###....#..#######........
##...#..# #......#.
##....... ..........
#..#..### ####.....#.
...#..# #.....#. ....#...
......#.


You could see an iguana.

Vanquished Creatures
  An adder (D:3)
  3 quokkas
  2 ball pythons
  2 bats
  3 kobolds
  2 rats
13 creatures vanquished.

Notes
Turn   | Place    | Note
-------+----------+-------------------------------------------
     0 | D:1      | whybug the Troll Berserker began the quest for the Orb.
     0 | D:1      | Reached XP level 1. HP: 22/22 MP: 0/0
   530 | D:3      | Reached XP level 2. HP: 29/29 MP: 1/1
   544 | D:4      | Found Ea-nāṣir's Fine Metal Goods.
   673 | D:4      | HP: 1/29 [iguana (7)]
   674 | D:4      | Mangled by an iguana

Illustrated notes

Levels and vault maps discovered:
D:1:      dpeg_arrival_concentric_ovals, layout_basic, minmay_misc_feat_iff,
          minmay_close_crescents
D:2:      layout_loops_ring, st_stairs_1, dk_noncrumbling_2, uniq_natasha,
          uniq_crazy_yiuf_cottage
D:3:      layout_loops_ring, serial_shops, shop
D:4:      layout_basic, nicolae_take_the_stairs, nicolae_ea-nasir_strikes_again,
          uniq_menkaure

Action                     || total
---------------------------++-------
  Melee: Unarmed           ||    34
 Armour: Animal skin       ||    17
  Dodge: Dodged            ||    30
